AoeStats
← Koti

Coastal Forest

510642722Analyzed
4v4 RM · 20h ago on Oct 1, 2026· 18m 51s· 8 players
Game mode
Random Map
Map size
Large (8 player)
Population
200
Speed
Normal
Resources
Standard
Victory
Conquest
Starting age
Dark Age
Ending age
Imperial Age
RankedLock teamsTeams togetherTeam positionsShared explorationLock speedFull tech treeHidden civsTurbo modeCheats
Victory
Defeat
🇫🇷 Danes · France
1554
+16
🇹🇷 Varangians · Türkiye
1545
+16
🇮🇪 Berbers · Ireland
1447
+20
🇮🇳 Sicilians · India
1406
+22
🇨🇳 Ethiopians · China
1573
-20
🇺🇸 Persians · United States
1545
-19
🇵🇪 Vietnamese · Peru
1541
-18
🇧🇷 Franks · Brazil
1504
-17
The_Father_92
10:42 Feudal Age
11:27 Double-Bit Axe
12:54 Loom
15:34 Castle Age
13:29 Horse Collar
14:43 Bloodlines
15:25 Scale Barding Armor
17:35 Loom
19:16 Chain Barding Armor
MenaChuuni
11:01 Feudal Age
11:30 Double-Bit Axe
13:16 Fletching
15:08 Gold Mining
19:15 Castle Age
18:28 Horse Collar
Karzul
6:44 Loom
8:51 Feudal Age
7:07 Loom
9:25 Double-Bit Axe
19:15 Wheelbarrow
21:30 Castle Age
张宇腾
6:38 Loom
9:29 Feudal Age
13:20 Double-Bit Axe
17:14 Wheelbarrow
16:34 Fletching
17:18 Horse Collar
Madbun
3:30 Loom
11:32 Feudal Age
11:58 Double-Bit Axe
13:54 Fishing Lines
15:31 Fishing Lines
18:10 Castle Age
16:55 Fletching
19:04 Bodkin Arrow
Koti
6:10 Loom
9:03 Feudal Age
9:04 Man-at-Arms
10:04 Double-Bit Axe
10:25 Arson
15:03 Fletching
Mystogan
7:03 Loom
9:34 Feudal Age
10:17 Double-Bit Axe
10:13 Horse Collar
19:56 Castle Age
18:57 Scale Barding Armor
LonzoWall
5:40 Loom
8:22 Feudal Age
9:29 Double-Bit Axe
11:26 Horse Collar
14:38 Bloodlines
20:44 Castle Age
19:00 Scale Barding Armor
Connection lost

Rejoining the realm…

Still unreachable

The connection could not be restored.

Session expired

The server has moved on; the page needs a fresh start.